 Dungeon Crawl Stone Soup version 0.22-a0-136-g83a10e5 (webtiles) character file.

2780 MatthieuS the Sneak (level 9, -1/61 HPs)
             Began as an Octopode Transmuter on Feb 3, 2018.
             Was a Follower of Cheibriados.
             Slain by a hippogriff (8 damage)
             ... on level 8 of the Dungeon.
             The game lasted 00:32:54 (9097 turns).

MatthieuS the Sneak (Octopode Transmuter)           Turns: 9097, Time: 00:32:56

Health: -1/61      AC:  2    Str: 11    XL:     9   Next: 70%
Magic:  14/16      EV: 20    Int: 20    God:    Cheibriados [*.....]
Gold:   309        SH:  0    Dex: 24    Spells: 9/18 levels left

rFire    + + .     SeeInvis +     - Unarmed
rCold    . . .     Gourm    .   (shield currently unavailable)
rNeg     . . .     Faith    .   (helmet currently unavailable)
rPois    .         Spirit   .   (no amulet)
rElec    .         Reflect  .   z - ring of protection from magic
rCorr    .         Harm     .   g - ring of protection from fire
MR       +....                  u - ring of protection from fire
Stlth    +++++.....             t - ring of stealth
HPRegen  0.20/turn              A - ring "Kobax" {rPois Dex+4 SInv}
MPRegen  0.15/turn              (no ring)
                                (no ring)
                                (no ring)

@: spider-form, very slow
A: tiny, almost no armour, stealthy swim, (amphibious), 8 rings, (constrict 8)
a: End Transformation, Bend Time, Renounce Religion


You were on level 8 of the Dungeon.
You worshipped Cheibriados.
Cheibriados was aware of your devotion.
You were not hungry.
You were a venomous arachnid creature.
You visited 2 branches of the dungeon, and saw 9 of its levels.
You also visited: Sewer.

You collected 510 gold pieces.
You spent 201 gold pieces at shops.

Inventory:

Hand Weapons
 w - a +6 blowgun
Missiles
 a - 67 arrows
 x - 33 poisoned needles
Armour
 q - a +1 buckler (melded)
Magical Staves
 y - an uncursed staff of wizardry (melded)
Jewellery
 g - a ring of protection from fire (right front leg)
 t - a ring of stealth (on tentacle)
 u - a ring of protection from fire (on tentacle)
 z - a ring of protection from magic (left front leg)
 A - the ring "Kobax" (on tentacle) {rPois Dex+4 SInv}
   (You bought it in a shop on level 6 of the Dungeon)

   [ring of see invisible]

   It affects your dexterity (+4).
   It protects you from poison.
   It lets you see invisible.
Wands
 s - a wand of polymorph (3)
 C - a wand of clouds (6)
Scrolls
 e - a scroll of silence {unknown}
 k - 4 scrolls of fear
 n - a scroll of fog
 o - a scroll of teleportation
Potions
 d - 3 potions of brilliance {unknown}
 f - 4 potions of flight {unknown}
 i - 3 potions of curing
 j - 4 potions of lignification
 l - a potion of invisibility {unknown}
 m - 3 potions of degeneration {unknown}
 p - a potion of resistance {unknown}
 r - 3 potions of haste {unknown}
 v - 4 potions of heal wounds {unknown}
 B - a potion of agility {unknown}
Books
 b - a book of Changes

   Spells                             Type                      Level
   a - Beastly Appendage              Transmutation                1
   b - Sticks to Snakes               Transmutation                2
   c - Spider Form                    Transmutation/Poison         3
   d - Ice Form                       Ice/Transmutation            4
   e - Blade Hands                    Transmutation                5
Comestibles
 c - 7 rations


   Skills:
 + Level 5.0 Fighting
 - Level 2.1 Dodging
 + Level 6.7 Stealth
 - Level 3.4 Shields
 + Level 5.9 Unarmed Combat
 + Level 5.0 Spellcasting
 + Level 5.8 Transmutations
 + Level 2.6 Ice Magic
 - Level 4.2 Poison Magic


You had 9 spell levels left.
You knew the following spells:

 Your Spells              Type           Power        Failure   Level  Hunger
b - Sticks to Snakes      Tmut           ####....     7%          2    None
c - Spider Form           Tmut/Pois      ####......   13%         3    ##.....
d - Ice Form              Ice/Tmut       ###.....     41%         4    ####...


Dungeon Overview and Level Annotations

Branches:
Dungeon (8/15)             Temple (1/1) D:6
   Lair: D:8-11

Altars:
Ashenzari
Cheibriados
Dithmenos
Elyvilon
Hepliaklqana
Kikubaaqudgha
Nemelex Xobeh
Okawaru
Ru
Sif Muna
Trog
Uskayaw
Vehumet
Wu Jian
Xom
Yredelemnul
Zin
The Shining One

Shops:
D:6 *


Innate Abilities, Weirdness & Mutations

You cannot wear most types of armour.
You are very stealthy in the water. (Stealth+)
((You are amphibious.))
You can wear up to eight rings at the same time.
((You can use your tentacles to constrict eight enemies at once.))
((Your skin changes colour to match your surroundings (Stealth+).))
((Your rubbery body absorbs attacks. (AC +1, EV +1)))


Message History

The hippogriff is heavily wounded.
The hippogriff barely misses you. The hippogriff pecks you.
The hippogriff claws you.
You hit the hippogriff but do no damage.
The hippogriff looks as sick as possible!
The hippogriff is heavily wounded.
The hippogriff barely misses you. x2; The hippogriff misses you.
You hit the hippogriff.
The hippogriff looks as sick as possible!
The hippogriff is heavily wounded.
The hippogriff bites you!
* * * LOW HITPOINT WARNING * * *
The hippogriff closely misses you. The hippogriff completely misses you.
You hit the hippogriff but do no damage.
The hippogriff looks as sick as possible!
The hippogriff is severely wounded.
The hippogriff barely misses you. The hippogriff pecks you!
* * * LOW HITPOINT WARNING * * *
The hippogriff claws you!
You die...

#....# #.##.#
#.##.# #.##.#
########.##.#
............#
#######.###.#
#.# #.# #.#
#s# #.# #H#
#.# #.# #.#
#.# #.# #..
#.# #.# #.#
#.# #.# #..
#.#


You could see a hippogriff.

Vanquished Creatures
  A two-headed ogre (D:8)
  Pikel (D:6)
  The ghost of MrOwlBear the Digger, an amateur GrEE (D:5)
  Purgy (Sewer)
  3 phantoms
  2 centaurs (D:7)
  3 bullfrogs
  A howler monkey (D:6)
  2 crimson imps
  A human zombie (D:5)
  2 bullfrog skeletons (D:5)
  2 hounds
  An orc priest (D:3)
  A centaur skeleton (D:6)
  A gnoll shaman (D:5)
  2 iguanas
  7 worker ants
  A hound skeleton (D:7)
  A river rat (D:6)
  11 adders
  8 gnolls
  A shadow imp (D:7)
  An ooze (D:3)
  An adder skeleton (D:6)
  7 worms
  A dart slug (D:5)
  8 leopard geckos
  16 orcs
  A ball python (D:3)
  3 bat zombies (D:4)
  4 giant cockroaches
  5 goblins
  10 hobgoblins
  9 jackals
  9 kobolds
  2 quokkas
  5 bats
  7 frilled lizards
  A giant cockroach zombie (D:5)
  A quokka skeleton (D:6)
  7 rats
  A rat zombie (D:4)
153 creatures vanquished.

Vanquished Creatures (collateral kills)
  A worker ant (D:4)
  A gnoll (D:5)
  2 orcs
4 creatures vanquished.

Vanquished Creatures (others)
  A slave (D:6)
  A hound skeleton (D:6)
  An adder (D:6)
  2 orcs (D:6)
  A giant cockroach (D:6)
  A jackal zombie (D:6)
7 creatures vanquished.

Grand Total: 164 creatures vanquished

Notes
Turn   | Place    | Note
-------+----------+-------------------------------------------
     0 | D:1      | MatthieuS the Octopode Transmuter began the quest for the Orb.
     0 | D:1      | Reached XP level 1. HP: 13/13 MP: 3/3
    81 | D:1      | Reached XP level 2. HP: 4/18 MP: 3/5
   717 | D:1      | Learned a level 2 spell: Sticks to Snakes
  1245 | D:2      | Reached XP level 3. HP: 18/23 MP: 4/6
  1420 | D:2      | Learned a level 3 spell: Spider Form
  1476 | D:2      | Found a hazy altar of Hepliaklqana.
  1857 | D:3      | Found a shadowy altar of Dithmenos.
  1940 | D:3      | Reached skill level 1 in Poison Magic
  1940 | D:3      | Reached XP level 4. HP: 17/29 MP: 2/7
  2658 | D:3      | Found a radiant altar of Vehumet.
  2780 | D:3      | Reached skill level 1 in Stealth
  2780 | D:3      | Reached XP level 5. HP: 29/34 MP: 4/8
  2835 | D:3      | Learned a level 4 spell: Ice Form
  3868 | D:4      | Found an ancient bone altar of Kikubaaqudgha.
  3910 | D:4      | Reached skill level 2 in Stealth
  3910 | D:4      | Reached skill level 1 in Shields
  3910 | D:4      | Reached XP level 6. HP: 40/40 MP: 10/10
  3996 | D:4      | Found a shimmering altar of Xom.
  4540 | D:5      | Entered Level 5 of the Dungeon
  4639 | D:5      | Reached XP level 7. HP: 26/45 MP: 11/11
  4687 | D:5      | Reached skill level 3 in Stealth
  4692 | D:5      | Found a sand-covered staircase.
  5343 | D:5      | Noticed MrOwlBear's ghost (amateur GrEE)
  5363 | D:5      | Killed MrOwlBear's ghost
  5859 | D:6      | Reached XP level 8. HP: 46/52 MP: 11/13
  5922 | D:6      | Noticed Pikel
  5935 | D:6      | Killed Pikel
  5935 | D:6      | Reached skill level 4 in Stealth
  5967 | D:6      | Reached skill level 5 in Unarmed Combat
  6063 | D:6      | Reached skill level 5 in Stealth
  6067 | D:6      | Found a glowing drain.
  6075 | Sewer    | Entered a sewer
  6237 | Sewer    | Noticed Purgy
  6257 | Sewer    | Killed Purgy
  6579 | D:6      | Found a staircase to the Ecumenical Temple.
  6599 | Temple   | Entered the Ecumenical Temple
  6774 | Temple   | Became a worshipper of Cheibriados the Contemplative
  7252 | D:6      | Reached XP level 9. HP: 56/58 MP: 12/15
  7316 | D:6      | Found Ezuijas's Assorted Antiques.
  7319 | D:6      | Bought a metallic purple potion for 20 gold pieces
  7319 | D:6      | Bought an emerald potion for 20 gold pieces
  7319 | D:6      | Bought a glittering marble ring for 115 gold pieces
  7319 | D:6      | Bought a scroll of identify for 46 gold pieces
  7329 | D:6      | Identified the ring "Kobax" {rPois Dex+4 SInv} (You bought it in a shop on level 6 of the Dungeon)
  7449 | D:6      | Reached skill level 5 in Transmutations
  7449 | D:6      | Reached skill level 1 in Ice Magic
  7654 | D:6      | Found an ornate altar of the Wu Jian Council.
  8025 | D:7      | Reached * piety under Cheibriados
  8428 | D:7      | Reached skill level 6 in Stealth
  8760 | D:8      | Noticed a two-headed ogre
  8771 | D:8      | Killed a two-headed ogre
  8771 | D:8      | Reached skill level 5 in Fighting
  8771 | D:8      | Reached skill level 5 in Spellcasting
  9097 | D:8      | Slain by a hippogriff

Vault maps used:
D:1:      mrwooster_arrival_statue
D:2:      nicolae_overflow_crystal_walls
D:3:      vehumet_crystals, grunt_dithmenos_smoke_and_mirrors
D:4:      lemuel_zombie_altar_kikubaaqudgha, lemuel_doored_altar, first_ration
D:5:      enter_ossuary_3
D:6:      kennysheep_little_box, minmay_temple_entry_statues_pillars,
          serial_shops, nicolae_shop_behind_doors, lightli_sewer_entry_pipes,
          uniq_pikel
D:8:      makhleb_blood_cavern_becter, serial_shops, shop
Temple:   minmay_temple_bridge_abc
Sewer:    sewer_the_crocodile

Skill      XL: |  1  2  3  4  5  6  7  8  9 |
---------------+----------------------------+-----
Transmutations | 3 4 5 |  5.8
Poison Magic   | 1 2 3 4 |  4.2
Fighting       | 2 3 4 5 |  5.0
Stealth        | 1 2 3 5 6 |  6.7
Shields        | 1 2 3 |  3.4
Unarmed Combat | 4 5 |  5.9
Spellcasting   | 3 4 5 |  5.0
Ice Magic      | 2 |  2.6
Dodging        | |  2.1

Action                   |  1- 3 |  4- 6 |  7- 9 || total
-------------------------+-------+-------+-------++-------
Melee: Unarmed           |    98 |   147 |   253 ||   498
       Constrict         |    18 |    23 |    17 ||    58
       Kick              |    11 |     3 |       ||    14
       Tentacles         |    10 |    18 |    18 ||    46
       Punch             |     1 |     1 |     1 ||     3
       Staff             |       |       |    28 ||    28
 Fire: Blowgun           |       |    12 |    17 ||    29
 Cast: Beastly Appendage |    12 |     1 |       ||    13
       Spider Form       |     4 |     9 |    22 ||    35
       Sticks to Snakes  |       |    12 |    13 ||    25
       Ice Form          |       |       |     5 ||     5
Invok: Bend Time         |       |       |     1 ||     1
 Abil: End Transformatio |     2 |     7 |    14 ||    23
  Use: Scroll            |       |    11 |     8 ||    19
       Potion            |       |       |     2 ||     2
 Stab: Sleeping          |     6 |     8 |     6 ||    20
       Distracted        |       |     1 |     2 ||     3
  Eat: Chunk             |     4 |    10 |    10 ||    24
       Ration            |       |       |     2 ||     2
Armor: Skin              |     3 |    14 |    29 ||    46
Dodge: Dodged            |    56 |   102 |   234 ||   392
Block: Buckler           |       |       |    15 ||    15

Table legend:
 A = Spawn XP
 B = Non-spawn XP
 C = Spawn XP percentage of total XP
 D = Spawn monster count
 E = Non-spawn monster count
 F = Spawn count percentage of total count
 G = Total turns spent on level
                    A         B        C        D         E        F      G
               +---------+---------+-------+---------+---------+-------+---------
         Total |       0 |    3972 |   0.0 |       0 |     157 |   0.0 |  9097
               +---------+---------+-------+---------+---------+-------+---------
           D:1 |       0 |      25 |   0.0 |       0 |      15 |   0.0 |  1084
           D:2 |       0 |      42 |   0.0 |       0 |      18 |   0.0 |   712
           D:3 |       0 |     140 |   0.0 |       0 |      30 |   0.0 |  1272
           D:4 |       0 |     267 |   0.0 |       0 |      23 |   0.0 |  1617
           D:5 |       0 |     671 |   0.0 |       0 |      20 |   0.0 |  1135
           D:6 |       0 |    1303 |   0.0 |       0 |      29 |   0.0 |  1283
           D:7 |       0 |     492 |   0.0 |       0 |      15 |   0.0 |  1307
           D:8 |       0 |     894 |   0.0 |       0 |       1 |   0.0 |    56
         Sewer |       0 |     138 |   0.0 |       0 |       6 |   0.0 |   436
               +---------+---------+-------+---------+---------+-------+---------
